 Dungeon Crawl Stone Soup version 0.25-a0-24-g72dcfe0359 (webtiles) character file.

Game seed: 11214377062377312829, levelgen mode: deterministic

192006 Amnesiac the Geomancer (level 17, -3/162 HPs)
             Began as a Troll Earth Elementalist on Oct 17, 2019.
             Was a High Priest of Vehumet.
             Slain by a tyrant leech (38 damage)
             ... on level 1 of the Swamp.
             The game lasted 02:10:06 (38051 turns).

Amnesiac the Geomancer (Troll Earth Elementalist)  Turns: 38051, Time: 02:10:07

Health: -3/162     AC: 11    Str: 20    XL:     17   Next: 59%
Magic:  15/30      EV: 20    Int: 16    God:    Vehumet [*****.]
Gold:   387        SH: 21    Dex: 14    Spells: 8/37 levels left

rFire    . . .     SeeInvis +   a - staff of earth
rCold    . . .     Gourm    +   D - +2 large shield
rNeg     . . .     Faith    .   C - +2 robe {Archmagi}
rPois    +         Spirit   .   (helmet restricted)
rElec    +         Reflect  .   J - +2 cloak {MR+}
rCorr    .         Harm     +   (gloves unavailable)
MR       ++...                  (boots unavailable)
Stlth    +.........             i - amulet of harm
HPRegen  0.77/turn              t - +6 ring of evasion
MPRegen  0.22/turn              p - ring of Xom's Whim {rPois Dex+4 SInv}

@: very slightly contaminated
A: large, unfitting armour, claws 3, hooves 2, fast metabolism 3, gourmand,
regeneration 1, shaggy fur 1, electricity resistance, tough skin 3
}: 1/15 runes: serpentine
a: Renounce Religion


You were on level 1 of the Swamp.
You worshipped Vehumet.
Vehumet was extremely pleased with you.
You were not hungry.

You visited 6 branches of the dungeon, and saw 29 of its levels.
You also visited: Ossuary.

You collected 2685 gold pieces.
You spent 2298 gold pieces at shops.

Inventory:

Missiles
 z - 4 throwing nets (quivered)
 M - 149 stones
Armour
 C - a +2 robe of the Archmagi (worn)
 D - a +2 large shield (worn)
 J - a +2 cloak of magic resistance (worn)
 P - the +1 robe of the Iron Devil {rF+ rC+ Str+2}
   (You found it on level 10 of the Dungeon)

   It affects your strength (+2).
   It protects you from fire.
   It protects you from cold.
Magical Staves
 a - an uncursed staff of earth (weapon)
 b - an uncursed staff of power
Jewellery
 e - an uncursed ring of see invisible
 i - an amulet of harm (around neck)
 m - an uncursed ring of flight
 p - the ring of Xom's Whim (right claw) {rPois Dex+4 SInv}
   (You found it on level 2 of the Lair of Beasts)

   [ring of see invisible]

   It affects your dexterity (+4).
   It protects you from poison.
   It lets you see invisible.
 s - an uncursed ring of protection from fire
 t - a +6 ring of evasion (left claw)
 K - an uncursed ring of ice
Wands
 g - a wand of clouds (2)
 u - a wand of flame (45)
 A - a wand of paralysis (12)
 G - a wand of acid (5)
 N - a wand of iceblast (4)
 O - a wand of polymorph (22)
 U - a wand of disintegration (12)
 X - a wand of enslavement (7)
Scrolls
 c - 15 scrolls of identify
 f - 19 scrolls of remove curse
 n - 5 scrolls of amnesia
 r - 4 scrolls of blinking
 y - 15 scrolls of teleportation
 B - 2 scrolls of noise
 E - 2 scrolls of fog
 H - 3 scrolls of magic mapping
 I - 2 scrolls of fear
 Q - a scroll of silence
 R - 7 scrolls of enchant armour
Potions
 h - 3 potions of mutation
 j - 2 potions of haste
 k - 14 potions of curing
 l - 4 potions of heal wounds
 o - 2 potions of resistance
 q - 2 potions of magic
 v - 4 potions of brilliance
 w - 5 potions of might
 x - 2 potions of agility
 T - a potion of cancellation
 W - a potion of invisibility
Miscellaneous
 F - a fan of gales
 L - a phial of floods
 V - a lamp of fire
Comestibles
 d - 29 rations


   Skills:
 - Level 9.0 Fighting
 + Level 6.8 Staves
 - Level 9.0 Dodging
 - Level 1.0 Stealth
 * Level 12.9 Shields
 - Level 10.5 Spellcasting
 - Level 3.0 Conjurations
 - Level 3.0 Transmutations
 + Level 14.4 Earth Magic
 - Level 4.0 Evocations


You had 8 spell levels left.
You knew the following spells:

 Your Spells              Type           Power        Failure   Level  Hunger
a - Sandblast             Erth           ######       1%          1    None
b - Passwall              Tmut/Erth      ######..     1%          2    None
c - Irradiate             Conj/Tmut      ####......   26%         5    #####..
d - Petrify               Tmut/Erth      ######..     3%          4    ###....
e - Lee's Rapid Deconstr  Erth           #######...   1%          5    #####..
f - Iron Shot             Conj/Erth      ######....   16%         6    ######.
s - Conjure Flame         Conj/Fire      ###.....     6%          3    None
v - Blink                 Tloc           N/A          21%         2    None
z - Confusing Touch       Hex            ##....       14%         1    None

Your spell library contained the following spells:

 Spells                   Type           Power        Failure   Level  Hunger
 Lehudib's Crystal Spear  Conj/Erth      ######....   99%         8    #######
 Fire Storm               Conj/Fire      ###.......   100%        9    #######
 Shatter                  Erth           #######...   100%        9    #######
 Flame Tongue             Conj/Fire      ###..        1%          1    None
 Magic Dart               Conj           ####         1%          1    None
 Stone Arrow              Conj/Erth      ######       1%          3    None
 Throw Flame              Conj/Fire      ###...       3%          2    None
 Dazzling Spray           Conj/Hex       ###...       6%          3    None
 Mephitic Cloud           Conj/Pois/Air  ###.....     7%          3    None
 Inner Flame              Hex/Fire       ##......     11%         3    None
 Animate Skeleton         Necr           N/A          14%         1    None
 Apportation              Tloc           ##....       14%         1    None
 Corona                   Hex            ##.....      14%         1    None
 Pain                     Necr           ##..         14%         1    None
 Summon Small Mammal      Summ           ##..         14%         1    None
 Sticky Flame             Conj/Fire      ###.....     17%         4    ###....
 Call Imp                 Summ           ##......     21%         2    None
 Ensorcelled Hibernation  Hex/Ice        ##....       21%         2    None
 Slow                     Hex            ##......     21%         2    None
 Confuse                  Hex            ##......     38%         3    None
 Regeneration             Chrm/Necr      ##........   38%         3    None
 Tukima's Dance           Hex            ##......     38%         3    None
 Vampiric Draining        Necr           ##........   38%         3    None
 Fireball                 Conj/Fire      ###.......   43%         5    #####..
 Animate Dead             Necr           N/A          80%         4    ###....


Dungeon Overview and Level Annotations

Branches:
Dungeon (15/15)            Temple (1/1) D:4            Lair (6/6) D:11
  Swamp (1/4) Lair:4        Snake (4/4) Lair:3        Slime (0/5) Lair:6
    Orc (2/2) D:11            Elf (0/3) Orc:2        Vaults (0/5) D:13
 Depths (0/5) D:15        Ossuary (visited)

Altars:
Ashenzari
Cheibriados
Dithmenos
Elyvilon
Fedhas
Gozag
Hepliaklqana
Kikubaaqudgha
Makhleb
Nemelex Xobeh
Okawaru
Qazlal
Ru
Sif Muna
Trog
Uskayaw
Vehumet
Wu Jian
Xom
Yredelemnul
Zin
The Shining One
Beogh
Jiyva
Lugonu

Shops:
D:6 [   D:8 :   D:11 }*   D:12 *:}   D:13 *   Orc:1 [   Orc:2 :?![*   Snake:3 *

Annotations:
Swamp:1 1 runed translucent door
Snake:2 1 runed translucent door, Gaut's ghost, journeyman DDFi


Innate Abilities, Weirdness & Mutations

You are too large for most types of armour.
You have claws for hands.
Your metabolism is lightning-fast.
You like to eat raw meat.
Your natural rate of healing is unusually fast.
You are covered in fur. (AC +1)
You have extremely tough skin. (AC +3)
You have hoof-like feet.
You are resistant to electric shocks. (rElec)


Message History

The blast of rock fragments hits the vampire mosquito!!
You destroy the vampire mosquito!
Vehumet accepts your kill.
You feel your power returning.
Unknown command.
Casting: Lee's Rapid Deconstruction (safe; 1% risk of failure)
Confirm with . or Enter, or press ? or * to list all spells.
Okay, then.
You start resting.
The tyrant leech is too close now for your liking.
Casting: Lee's Rapid Deconstruction (safe; 1% risk of failure)
Confirm with . or Enter, or press ? or * to list all spells.
You feel a surge of power!
You blink.
You block the tyrant leech's attack.
Casting: Blink (safe; 21% risk of failure)
Confirm with . or Enter, or press ? or * to list all spells.
You feel a surge of power!
You miscast Blink.
You are very lightly contaminated with residual magic.
You feel a wrenching sensation. You block the swamp worm's attack.
The tyrant leech bites you!!
You die...

♣ ♣♣♣♣♣♣♣ ♣♣♣♣♣
♣♣♣♣♣♣.≈≈♣≈♣ ♣§..♣
.♣....≈≈...#♣###w##
.....≈≈≈....≈..w@.#
≈.≈≈.≈≈≈.≈≈.≈♣....#
...≈..≈≈.≈≈y♣♣♣...#♣♣
.......≈≈≈>≈♣≈...†#.♣♣
≈≈≈≈≈≈≈≈≈≈≈.♣♣≈.#.#yD♣♣
≈≈≈≈≈≈≈≈≈#[.♣♣♣♣..†.≈≈♣
≈≈≈≈≈≈≈≈≈≈.≈♣ ♣♣≈...♣♣
≈≈≈≈.^≈≈≈.♣♣♣ ♣...♣♣
≈........#.♣♣♣ ♣♣♣.≈♣


You could see a tyrant leech and a swamp worm.

Vanquished Creatures
  Mara (Snake:4)
  Bai Suzhen (Snake:2)
  Vashnia (Snake:2)
  Nikola (Snake:3)
  Frances (D:13)
  Kirke (D:13)
  5 nagarajas (Snake:4)
  Donald (Snake:4)
  Aizul (Snake:2)
  Louise (Snake:3)
  The ghost of Lulykhlaor the Zephyrmancer, a journeyman TeAE of Sif Muna (Lair:4)
  Erolcha (D:12)
  2 fire dragons (D:15)
  Harold (D:10)
  Josephine (D:9)
  2 vault guards
  11 hydras
  13 naga warriors
  3 centaur warriors
  Erica (Lair:1)
  2 catoblepae (Lair:6)
  6 anacondas
  A tengu warrior (D:15)
  3 two-headed ogres (D:15)
  3 death yaks (Lair:6)
  An ogre mage (D:15)
  An alligator (Swamp:1)
  7 shock serpents
  18 naga sharpshooters
  2 salamander mystics (Snake:3)
  An unseen horror (D:11)
  5 naga ritualists (Snake:4)
  2 wizards (D:13)
  2 necromancers (D:13)
  A swamp dragon (Swamp:1)
  A lindwurm (Lair:6)
  2 orc knights
  An orc sorcerer (Orc:1)
  A deep elf mage (D:15)
  4 oklob plants (Lair:2)
  A wolf spider zombie (D:14)
  7 mana vipers
  14 ugly things
  4 manticores
  4 cyclopes
  8 salamanders
  Maurice (D:13)
  Joseph (D:8)
  24 naga magi
  24 elephants
  A torpor snail (Lair:6)
  24 black mambas
  2 guardian serpents (Snake:3)
  4 spiny frogs
  A kobold demonologist (D:14)
  An efreet (D:13)
  8 komodo dragons
  6 rime drakes
  9 trolls
  A tengu conjurer (D:15)
  A meliai (shapeshifter) (D:15)
  2 hornets
  2 polar bears
  A hornet (shapeshifter) (D:14)
  16 blink frogs
  Prince Ribbit (Lair:3)
  A harpy skeleton (D:15)
  A bog body (Swamp:1)
  18 slime creatures
  2 dream sheep (Lair:6)
  12 hippogriffs
  A centaur simulacrum (D:14)
  2 shadows
  5 wraiths
  5 wyverns
  3 hogs
  31 yaks
  5 basilisks
  3 hungry ghosts
  19 humans (D:13)
  A steam dragon (D:9)
  Eustachio (D:4)
  8 vampire mosquitoes (Swamp:1)
  4 wargs
  2 swamp worms (Lair:4)
  32 nagas
  21 water moccasins
  9 porcupines
  4 ice beasts
  2 sky beasts
  2 black bears (D:6)
  An eye of draining (D:14)
  22 orc warriors
  2 necrophages
  13 ogres
  35 wolves
  10 centaurs
  13 crocodiles
  3 big kobolds
  2 wyvern zombies (D:8)
  16 bullfrogs
  4 scorpions
  7 killer bees (D:7)
  13 wights
  5 howler monkeys
  3 electric eels (Lair:4)
  5 crimson imps
  4 quasits
  3 bullfrog zombies
  7 hounds
  3 centaur zombies
  8 jellies
  13 orc wizards
  13 orc priests
  Crazy Yiuf (D:7)
  7 centaur skeletons
  6 worker ants
  A bullfrog skeleton (D:4)
  4 iguanas
  A big kobold zombie (Ossuary)
  A hound zombie (D:9)
  4 mummies (Ossuary)
  A hound skeleton (D:8)
  A worker ant zombie (D:8)
  3 gnolls (D:5)
  9 adders
  2 shadow imps
  2 oozes (D:4)
  2 adder zombies (D:7)
  4 dart slugs
  3 worms
  2 leopard geckos
  86 orcs
  11 giant cockroaches
  A gnoll zombie (Ossuary)
  9 hobgoblins
  4 jackals (D:7)
  6 quokkas
  9 ball pythons
  A ball python skeleton (D:4)
  4 bats
  3 frilled lizards
  4 goblins
  2 goblin zombies (Ossuary)
  A hobgoblin zombie (Ossuary)
  11 kobolds
  2 kobold zombies (Ossuary)
  A leopard gecko skeleton (D:4)
  An orc zombie (Ossuary)
  A quokka skeleton (D:4)
  A quokka zombie (D:6)
  9 rats
  A fire vortex (D:12)
  2 fungi
  A plant (Lair:2)
906 creatures vanquished.

Vanquished Creatures (others)
  A spiny frog (Lair:4)
  A hog (D:13)
  A naga (Snake:4)
  11 orc warriors (Orc:2)
  6 centaurs
  7 orcs (Orc:2)
  10 fungi
  2 plants
39 creatures vanquished.

Grand Total: 945 creatures vanquished

Notes
Turn   | Place    | Note
-------+----------+-------------------------------------------
     0 | D:1      | Amnesiac the Troll Earth Elementalist began the quest for
                  | the Orb.
     0 | D:1      | Reached XP level 1. HP: 16/16 MP: 1/1
   176 | D:1      | Reached skill level 3 in Earth Magic
   242 | D:1      | Reached XP level 2. HP: 24/24 MP: 3/3
   316 | D:1      | Learned a level 2 spell: Passwall
   808 | D:2      | Reached XP level 3. HP: 31/31 MP: 4/4
   870 | D:2      | Reached skill level 1 in Shields
  1664 | D:3      | Found an opulent altar of Gozag.
  1734 | D:3      | Found a burning altar of Makhleb.
  1918 | D:3      | Reached XP level 4. HP: 39/39 MP: 5/5
  2179 | D:4      | Found a staircase to the Ecumenical Temple.
  2190 | Temple   | Entered the Ecumenical Temple
  2368 | Temple   | Became a worshipper of Vehumet
  2405 | D:4      | Reached skill level 4 in Earth Magic
  2425 | D:4      | Reached XP level 5. HP: 40/45 MP: 6/6
  2825 | D:4      | Noticed Eustachio
  2854 | D:4      | Killed Eustachio
  2854 | D:4      | Reached XP level 6. HP: 52/53 MP: 2/8
  3050 | D:4      | Reached skill level 5 in Earth Magic
  3108 | D:4      | Reached * piety under Vehumet
  3108 | D:4      | Offered knowledge of Shock by Vehumet.
  3207 | D:5      | Entered Level 5 of the Dungeon
  3214 | D:5      | Learned a level 5 spell: Lee's Rapid Deconstruction
  3328 | D:5      | Reached XP level 7. HP: 59/59 MP: 5/9
  3460 | D:5      | Found a blossoming altar of Fedhas.
  3921 | D:5      | Reached skill level 6 in Earth Magic
  4268 | D:6      | Reached XP level 8. HP: 61/67 MP: 11/11
  4403 | D:6      | Reached ** piety under Vehumet
  4403 | D:6      | Offered knowledge of Freeze by Vehumet.
  4429 | D:6      | Reached skill level 7 in Earth Magic
  4937 | D:6      | Found Orchom's Antique Armour Emporium.
  4940 | D:6      | Bought an embroidered robe for 81 gold pieces
  4951 | D:6      | Bought a crude robe for 125 gold pieces
  4961 | D:6      | Identified the +1 robe "Daxao" {SInv Stlth+} (You bought it
                  | in a shop on level 6 of the Dungeon)
  5291 | D:7      | Reached skill level 8 in Earth Magic
  5376 | D:7      | Reached XP level 9. HP: 61/74 MP: 6/13
  5484 | D:7      | Got a scorched troll leather armour
  5578 | D:7      | Found a sand-covered staircase.
  5645 | D:7      | Reached skill level 5 in Shields
  5737 | D:7      | Found a runed translucent door.
  5738 | D:7      | Noticed Crazy Yiuf
  5743 | D:7      | Killed Crazy Yiuf
  5767 | D:7      | Identified the +2 troll leather armour "Waungeas" {rElec
                  | rC+ Regen+ Str+2 Stlth+} (You found it on level 7 of the
                  | Dungeon)
  5792 | Ossuary  | Entered an ossuary
  5892 | Ossuary  | Offered knowledge of Conjure Flame by Vehumet.
  6128 | D:7      | Reached *** piety under Vehumet
  6131 | D:7      | Reached skill level 9 in Earth Magic
  6147 | D:7      | Noticed a red ugly thing
  6258 | D:7      | Killed a red ugly thing
  6562 | D:8      | Offered knowledge of Inner Flame by Vehumet.
  6653 | D:8      | Reached XP level 10. HP: 67/81 MP: 13/16
  6658 | D:8      | Reached **** piety under Vehumet
  6769 | D:8      | Learned a level 1 spell: Confusing Touch
  6798 | D:8      | Reached skill level 10 in Earth Magic
  6856 | D:8      | Offered knowledge of Lightning Bolt by Vehumet.
  6972 | D:8      | Found Ymperud's Book Shoppe.
  7314 | D:8      | Noticed Joseph
  7331 | D:8      | Killed Joseph
  7331 | D:8      | Reached skill level 5 in Spellcasting
  7352 | D:8      | Found a white marble altar of Elyvilon.
  7354 | D:8      | Found a glowing golden altar of the Shining One.
  7358 | D:8      | Found a blossoming altar of Fedhas.
  7359 | D:8      | Found a bloodstained altar of Trog.
  7363 | D:8      | Found a snail-covered altar of Cheibriados.
  7762 | D:9      | Found a hide-covered altar of Uskayaw.
  7762 | D:9      | Noticed a brown ugly thing
  7762 | D:9      | Noticed a manticore
  7775 | D:9      | Killed a manticore
  7776 | D:9      | Killed a brown ugly thing
  8183 | D:10     | Entered Level 10 of the Dungeon
  8227 | D:10     | Noticed Josephine
  8408 | D:6      | Bought a glowing scarf for 176 gold pieces
  8554 | D:10     | Reached skill level 11 in Earth Magic
  8686 | D:9      | Killed Josephine
  8740 | D:9      | Reached ***** piety under Vehumet
  8818 | D:10     | Offered knowledge of Iskenderun's Mystic Blast by Vehumet.
  8818 | D:10     | Reached XP level 11. HP: 85/88 MP: 12/18
  8946 | D:10     | Got an ichor-stained robe
  9391 | D:10     | Noticed Harold
  9445 | D:10     | Killed Harold
  9840 | D:10     | Identified the cursed +1 robe of the Iron Devil {rF+ rC+
                  | Str+2} (You found it on level 10 of the Dungeon)
 10177 | D:11     | Found a sacrificial altar of Ru.
 10518 | D:11     | Killed an unseen horror
 10727 | D:11     | Paralysed by a hornet for 1 turns
 10733 | D:11     | Paralysed by a hornet for 3 turns
 10773 | D:11     | Found Niz Geetz's Gadget Shoppe.
 10803 | D:11     | Found a staircase to the Orcish Mines.
 10811 | D:11     | Offered knowledge of Poison Arrow by Vehumet.
 10837 | D:11     | Learned a level 4 spell: Petrify
 10839 | D:11     | Reached skill level 1 in Fighting
 11065 | D:11     | Found a staircase to the Lair.
 11181 | D:11     | Found Amawn's General Store.
 11641 | Orc:1    | Entered Level 1 of the Orcish Mines
 11641 | Orc:1    | Noticed an orc knight
 11826 | D:11     | Learned a level 3 spell: Conjure Flame
 11968 | D:11     | Killed an orc knight
 12257 | Orc:1    | Found a roughly hewn altar of Beogh.
 12480 | Orc:1    | Noticed an orc sorcerer
 12483 | Orc:1    | Gained mutation: Scrolls take you a little longer to read.
                  | [a neqoxec]
 12486 | Orc:1    | Noticed a soul eater
 12487 | Orc:1    | Killed an orc sorcerer
 12507 | Orc:1    | Found Eqaemmasic's Antique Armour Boutique.
 12641 | Orc:2    | Entered Level 2 of the Orcish Mines
 12758 | Orc:2    | Found a staircase to the Elven Halls.
 13314 | Orc:2    | Noticed an orc knight
 13329 | Orc:2    | Killed an orc knight
 13329 | Orc:2    | Reached XP level 12. HP: 48/107 MP: 1/20
 13699 | Orc:2    | Found Fykhlim's Book Emporium.
 13840 | Orc:2    | Noticed a centaur warrior
 13853 | Orc:2    | Killed a centaur warrior
 14164 | Orc:2    | Offered knowledge of Irradiate by Vehumet.
 14172 | Orc:2    | Learned a level 5 spell: Irradiate
 14311 | Orc:2    | Found Kohiram's Armour Boutique.
 14311 | Orc:2    | Found Boagot's Distillery.
 14330 | Orc:2    | Found Osma's Magic Scroll Emporium.
 14332 | Orc:2    | Found Kuist's Assorted Antiques.
 14344 | Orc:2    | Bought a gnarled smoking staff for 420 gold pieces
 14344 | Orc:2    | Bought a twisted cloak for 332 gold pieces
 14356 | Orc:2    | Identified the cursed +0 cloak of Ennui {rPois MR- rCorr
                  | Dex+6} (You bought it in a shop on level 2 of the Orcish
                  | Mines)
 14452 | D:12     | Noticed Erolcha
 14460 | D:12     | Killed Erolcha
 14464 | D:12     | Noticed a four-headed hydra
 14469 | D:12     | Killed a four-headed hydra
 14469 | D:12     | Reached skill level 5 in Fighting
 14469 | D:12     | Reached skill level 5 in Dodging
 14550 | D:12     | Found a shadowy altar of Dithmenos.
 14593 | D:12     | Reached skill level 12 in Earth Magic
 14861 | D:12     | Found Butt's Assorted Antiques.
 14914 | D:12     | Found Uthuzij's Book Shoppe.
 15154 | D:12     | Found Nizofficw's Gadget Shop.
 15552 | Lair:1   | Entered Level 1 of the Lair of Beasts
 16129 | Lair:1   | Noticed Erica
 16143 | Lair:1   | Killed Erica
 16690 | D:12     | Bought a thin glowing staff for 312 gold pieces
 16779 | Lair:2   | Reached XP level 13. HP: 123/123 MP: 21/21
 17928 | Lair:2   | Got a shimmering marble ring
 17930 | Lair:2   | Identified the ring of Xom's Whim {rPois Dex+4 SInv} (You
                  | found it on level 2 of the Lair of Beasts)
 18188 | Lair:3   | Identified a scroll of acquirement
 18492 | Lair:3   | Found a staircase to the Snake Pit.
 18495 | Lair:3   | Offered knowledge of Ozocubu's Refrigeration by Vehumet.
 18983 | Lair:3   | Noticed Prince Ribbit
 19000 | Lair:3   | Killed Prince Ribbit
 19601 | Lair:4   | Found a runed translucent gate.
 19601 | Lair:4   | Found a runed translucent gate.
 19601 | Lair:4   | Found a runed translucent gate.
 19603 | Lair:4   | Found a viscous altar of Jiyva.
 19603 | Lair:4   | Noticed Lulykhlaor's ghost (journeyman TeAE)
 19616 | Lair:4   | Killed Lulykhlaor's ghost
 19677 | Lair:3   | Reached skill level 1 in Evocations
 20046 | Lair:4   | Offered knowledge of Conjure Ball Lightning by Vehumet.
 20525 | Lair:4   | Got a twisted falchion
 20567 | Lair:4   | Identified the +10 falchion "Vauvoiri" {venom, *Corrode
                  | rPois Dex+6} (You found it on level 4 of the Lair of
                  | Beasts)
 20873 | Lair:4   | Reached XP level 14. HP: 140/140 MP: 22/22
 21038 | Lair:4   | Found a staircase to the Swamp.
 21772 | Lair:5   | You fall into a shaft and drop 1 floor!
 21772 | Lair:6   | Entered Level 6 of the Lair of Beasts
 21773 | Lair:6   | Found a staircase to the Slime Pits.
 21773 | Lair:6   | Found a viscous altar of Jiyva.
 23692 | Lair:6   | Offered knowledge of Orb of Destruction by Vehumet.
 24385 | Lair:5   | Reached skill level 1 in Conjurations
 24580 | Lair:5   | Reached skill level 1 in Transmutations
 25709 | D:13     | Noticed Frances
 25722 | D:13     | Killed Frances
 25740 | D:13     | Noticed Kirke
 25742 | D:13     | Found an ancient bone altar of Kikubaaqudgha.
 25744 | D:13     | Found Orghofum's Profane Products.
 25993 | D:13     | Reached XP level 15. HP: 97/146 MP: 7/27
 26182 | D:13     | Found a gate to the Vaults.
 26476 | D:13     | Noticed Maurice
 26489 | D:13     | Killed Maurice
 26671 | D:13     | Killed Kirke
 27280 | D:14     | Reached ****** piety under Vehumet
 27697 | D:14     | Offered knowledge of Iron Shot by Vehumet.
 27697 | D:14     | Reached skill level 1 in Staves
 27705 | D:14     | Learned a level 6 spell: Iron Shot
 28066 | D:14     | Found a corrupted altar of Lugonu.
 28070 | D:14     | Identified Lugonu's Catalogue of Battle Magic
 28271 | D:15     | Entered Level 15 of the Dungeon
 29397 | D:15     | Found a staircase to the Depths.
 29647 | Snake:1  | Entered Level 1 of the Snake Pit
 29696 | Snake:1  | Reached skill level 5 in Staves
 30041 | Snake:1  | Reached skill level 13 in Earth Magic
 30602 | Snake:1  | Offered knowledge of Lehudib's Crystal Spear by Vehumet.
 30602 | Snake:1  | Offered knowledge of Fire Storm by Vehumet.
 30602 | Snake:1  | Offered knowledge of Shatter by Vehumet.
 31615 | Snake:2  | Noticed Vashnia
 31657 | Snake:2  | Killed Vashnia
 31657 | Snake:2  | Reached XP level 16. HP: 61/156 MP: 10/28
 31659 | Snake:2  | Noticed Aizul
 31673 | Snake:2  | Reached skill level 10 in Spellcasting
 31857 | Snake:2  | Killed Aizul
 32235 | Snake:2  | Found a runed translucent door.
 32236 | Snake:2  | Found a shimmering altar of Xom.
 32236 | Snake:2  | Noticed Gaut's ghost (journeyman DDFi)
 32415 | Snake:3  | Found Soyzig's Assorted Antiques.
 32415 | Snake:3  | Noticed Bai Suzhen
 32430 | Snake:2  | Killed Bai Suzhen
 32558 | Snake:3  | Bought a scroll labeled NAFITALYTT for 25 gold pieces
 32558 | Snake:3  | Bought a knobbly gilded ring for 125 gold pieces
 32558 | Snake:3  | Bought an opalescent robe for 142 gold pieces
 32568 | Snake:3  | Identified the +0 robe "Sosaeg" {rCorr} (You bought it in a
                  | shop on level 3 of the Snake Pit)
 32595 | Snake:3  | Noticed Nikola
 32623 | Snake:3  | Killed Nikola
 32675 | Snake:3  | Reached skill level 14 in Earth Magic
 32976 | Snake:3  | Found a bloodstained altar of Trog.
 33644 | D:8      | Bought a book of Minor Magic for 320 gold pieces
 33647 | D:8      | Learned a level 2 spell: Blink
 33766 | Orc:1    | Bought an embroidered cloak for 240 gold pieces
 33986 | Snake:4  | Entered Level 4 of the Snake Pit
 33986 | Snake:4  | Noticed Louise
 34003 | Snake:3  | Killed Louise
 34605 | Snake:3  | Reached skill level 10 in Shields
 35094 | Snake:4  | Noticed Mara
 35126 | Snake:4  | Lost mutation: Scrolls take you a little longer to read.
                  | [potion of mutation]
 35126 | Snake:4  | Gained mutation: You have large cloven feet. [potion of
                  | mutation]
 35126 | Snake:4  | Gained mutation: You have hoof-like feet. [potion of
                  | mutation]
 35126 | Snake:4  | Gained mutation: You are resistant to electric shocks.
                  | (rElec) [potion of mutation]
 35243 | Snake:4  | Noticed Amnesiac's illusion
 35243 | Snake:4  | Killed Mara
 35572 | Snake:4  | Reached XP level 17. HP: 161/162 MP: 8/30
 36224 | Snake:4  | Identified the +5 scale mail of Inaction {+Inv MR+ Str-2}
 36862 | Snake:4  | Noticed Donald
 37168 | Snake:4  | Killed Donald
 37493 | Snake:4  | Got a serpentine rune of Zot
 37828 | Swamp:1  | Entered Level 1 of the Swamp
 37828 | Swamp:1  | Found a runed translucent door.
 38051 | Swamp:1  | Slain by a tyrant leech

Levels and vault maps discovered:
D:1:      lemuel_arrival_muddy, layout_basic, corexii_corridor_pit,
          minivault_26, minmay_heptomino_h4
D:2:      layout_basic
D:3:      layout_loops_ring, grunt_gozag_statues, first_ration, bloody_makhleb
D:4:      layout_cave_pools, minmay_temple_entry_statues_fountains, hex_tiny,
          kennysheep_another_room, nzn_random_ring, uniq_eustachio
D:5:      layout_loops_corners, hangedman_decor_riveting,
          minmay_misc_feat_tower, fedhas_altar_fruit_tree
D:6:      layout_gridville, serial_shops, kennysheep_mini, chequers_avenue
D:7:      layout_rooms, enter_ossuary_1, grunt_ogre_cave, minmay_the_grid_2x2
          [minmay_the_grid_x, minmay_the_grid_box_x,
          minmay_the_grid_minigrid_large,
          minmay_the_grid_prize_four_corners_diamond_a], uniq_crazy_yiuf_cottage
D:8:      layout_loops_ring, minitemple, special_room [special_room_orc],
          serial_shops, kennysheep_little_box, minivault_5, uniq_joseph
D:9:      layout_small_grid, minmay_ruined_shrine
D:10:     layout_gridville, uniq_harold, uniq_josephine
D:11:     layout_basic, lair_entry_dummy, david_orc_3, serial_shops, shop,
          nicolae_shop_behind_doors, nicolae_ru_awakened_eye
D:12:     layout_roguey, basic_altar, serial_shops, shop, shop, shop,
          kennysheep_path_1, uniq_erolcha
D:13:     layout_long_grid, grunt_vaults_entry_tiered, serial_co_window_serial,
          co_window_corner_a, co_window_of_opportunity_a,
          co_window_of_opportunity_a, co_window_paths_b, co_window_paths_b,
          co_window_corner_ca, co_window_broadway_c, co_window_paths_c,
          co_window_4corner_a, glass_columns_a, glass_columns_b,
          glass_columns_a, glass_columns_a, nicolae_evil_shop, uniq_frances,
          uniq_kirke, uniq_maurice
D:14:     layout_loops_cross, minmay_misc_feat_pillars, tgw_lugonu_bribe
D:15:     grunt_enter_depths_hoard, layout_basic, minmay_misc_feat_nine_boxes
Temple:   regret_index_temple_sphere_string
Lair:1:   layout_roguey, wad_woods_road_05, uniq_erica
Lair:2:   layout_regular_city, nicolae_lair_grove_arrangements,
          minmay_lair_oklob_chamber
Lair:3:   layout_roguey, minmay_snake_entry_six_corridors,
          grunt_forest_large_clearings, uniq_prince_ribbit2
Lair:4:   beast_lair_carwin_large_1, layout_gridlike, palyth_hydra_swamp_entry,
          gammafunk_ghost_ooze, serial_bayou_shore_a, infiniplex_staircase_pool
Lair:5:   layout_cave_pods, grunt_forest_stairs_basic
Lair:6:   hangedman_lair_in_review, layout_cave_pods, slime_altar_1
Swamp:1:  gammafunk_mikee_crab_dinner, layout_basic_swamp,
          evilmike_swamp_ruin_house_6, swamp_pool1,
          nicolae_swamp_very_dense_foliage
Snake:1:  layout_chambers
Snake:2:  layout_gridlike, ebering_ghost_xom, uniq_aizul, uniq_vashnia
Snake:3:  layout_onion_interference, basic_altar, serial_shops, shop,
          uniq_nikola, uniq_bai_suzhen
Snake:4:  snake_pit, layout_cave_shapes, uniq_louise, uniq_mara, uniq_donald
Orc:1:    layout_caves, basic_altar, serial_shops,
          nicolae_shop_overgrown_old_shop
Orc:2:    st_orc_rangers, layout_caves, serial_shops, shop

Skill      XL: |  1  2  3  4  5  6  7  8  9 10 11 12 13 14 15 16 17 |
---------------+----------------------------------------------------+-----
Earth Magic    | 3 4 5 6 8 9 11 12 13 14 | 14.4
Shields        | 1 2 3 4 5 7 9 11 12 | 12.9
Spellcasting   | 2 3 4 5 6 9 10 | 10.5
Fighting       | 3 6 9 |  9.0
Dodging        | 3 6 9 |  9.0
Evocations     | 4 |  4.0
Conjurations   | 3 |  3.0
Transmutations | 3 |  3.0
Staves         | 5 6 |  6.8
Stealth        | |  1.0

Action                   |  1- 3 |  4- 6 |  7- 9 | 10-12 | 13-15 | 16-18 || total
-------------------------+-------+-------+-------+-------+-------+-------++-------
Melee: Unarmed           |   120 |   116 |   386 |   823 |   277 |       ||  1722
       Staff             |       |       |       |   151 |   673 |   237 ||  1061
       Kick              |       |       |       |       |       |    57 ||    57
Throw: Dart              |    17 |    12 |    14 |    39 |       |       ||    82
       Throwing net      |       |       |       |       |     2 |       ||     2
 Cast: Sandblast         |     4 |    10 |    49 |   170 |   374 |    86 ||   693
       Passwall          |     1 |       |       |     1 |     1 |     7 ||    10
       Lee's Rapid Decon |       |       |     7 |   107 |   326 |   168 ||   608
       Conjure Flame     |       |       |       |     3 |       |     1 ||     4
       Confusing Touch   |       |       |       |     2 |    12 |       ||    14
       Petrify           |       |       |       |       |     6 |     2 ||     8
       Iron Shot         |       |       |       |       |     3 |    11 ||    14
       Irradiate         |       |       |       |       |       |     4 ||     4
       Blink             |       |       |       |       |       |     3 ||     3
Evoke: Wand              |       |       |     3 |    12 |    11 |    13 ||    39
       Phial of floods   |       |       |     1 |       |       |       ||     1
  Use: Scroll            |     5 |     8 |     5 |     6 |     8 |     3 ||    35
       Potion            |       |     3 |     3 |     2 |     1 |     4 ||    13
 Stab: Sleeping          |     2 |     1 |     6 |     5 |     1 |       ||    15
       Confused          |       |       |       |       |    11 |       ||    11
       Held in net/web   |       |       |       |       |     2 |       ||     2
  Eat: Chunk             |    23 |    13 |    33 |   119 |   182 |    32 ||   402
       Ration            |       |       |       |     2 |    15 |    20 ||    37
Armor: Robe              |    47 |    25 |    51 |    96 |   193 |    33 ||   445
       Troll leather arm |       |       |    14 |    74 |       |       ||    88
Dodge: Dodged            |    64 |    78 |   156 |   504 |   698 |   188 ||  1688
Block: Shield            |       |       |   176 |   810 |   848 |    60 ||  1894
       Reflection        |       |       |     2 |    98 |     5 |       ||   105
       Large shield      |       |       |       |       |       |   291 ||   291

Table legend:
 A = Non-vault XP
 B = Vault XP
 C = Vault XP percentage of total XP
 D = Non-vault monster count
 E = Vault monster count
 F = Vault count percentage of total count
                 A         B        C        D         E       F
            +---------+---------+-------+---------+---------+-------
      Total |  137521 |  122494 |  47.1 |     615 |     312 |  33.7
            +---------+---------+-------+---------+---------+-------
        D:1 |      20 |       4 |  16.7 |      13 |       1 |   7.1
        D:2 |      46 |       0 |   0.0 |      18 |       0 |   0.0
        D:3 |      51 |       0 |   0.0 |      20 |       0 |   0.0
        D:4 |     150 |     330 |  68.8 |      12 |      14 |  53.8
        D:5 |     505 |       0 |   0.0 |      16 |       0 |   0.0
        D:6 |    1391 |       0 |   0.0 |      24 |       0 |   0.0
        D:7 |    1216 |    1527 |  55.7 |      22 |      16 |  42.1
        D:8 |    1219 |     716 |  37.0 |      19 |      25 |  56.8
        D:9 |     752 |    2765 |  78.6 |      12 |      11 |  47.8
       D:10 |    1892 |    1002 |  34.6 |      27 |       1 |   3.6
       D:11 |    4515 |     352 |   7.2 |      42 |       6 |  12.5
       D:12 |    3626 |    2231 |  38.1 |      19 |       3 |  13.6
       D:13 |     967 |   12386 |  92.8 |       3 |      29 |  90.6
       D:14 |   10131 |       0 |   0.0 |      39 |       0 |   0.0
       D:15 |   16197 |    2035 |  11.2 |      38 |       2 |   5.0
     Lair:1 |    5360 |     934 |  14.8 |      22 |       1 |   4.3
     Lair:2 |    5345 |    2624 |  32.9 |      25 |       6 |  19.4
     Lair:3 |    2008 |    6688 |  76.9 |      10 |      46 |  82.1
     Lair:4 |    6137 |    7827 |  56.1 |      24 |      21 |  46.7
     Lair:5 |    3331 |       0 |   0.0 |      15 |       0 |   0.0
     Lair:6 |   12648 |   11080 |  46.7 |      41 |      21 |  33.9
    Swamp:1 |    7490 |       0 |   0.0 |      22 |       0 |   0.0
    Snake:1 |    8265 |       0 |   0.0 |      17 |       0 |   0.0
    Snake:2 |    7978 |   16119 |  66.9 |      17 |       8 |  32.0
    Snake:3 |   19034 |    5265 |  21.7 |      35 |       2 |   5.4
    Snake:4 |   14497 |   43456 |  75.0 |      27 |      50 |  64.9
      Orc:1 |    1535 |       0 |   0.0 |      15 |       0 |   0.0
      Orc:2 |    1215 |    5044 |  80.6 |      21 |      37 |  63.8
    Ossuary |       0 |     109 | 100.0 |       0 |      12 | 100.0
            +---------+---------+-------+---------+---------+-------
